AoeStats
← J.Dandy

Nomad

507726767Analyzed
3v3 RM · 11d ago on Sep 19, 2026· 41m 12s· 6 players
Game mode
Random Map
Map size
210×210
Population
200
Speed
Normal
Resources
Standard
Victory
Conquest
Starting age
Dark Age
Ending age
Imperial Age
RankedLock teamsTeams togetherTeam positionsShared explorationLock speedFull tech treeHidden civsTurbo modeCheats
Victory
Defeat
🇯🇵 Italians · Japan
1243
+13
🇯🇵 Persians · Japan
1231
+13
🇯🇵 Vietnamese · Japan
1208
+14
🇹🇼 Tatars · Taiwan
1228
-15
🇹🇼 Bengalis · Taiwan
1176
-14
🇹🇼 Spanish · Taiwan
1100
-30
CKD_許昌小曹
3:14 Loom
14:03 Feudal Age
20:02 Castle Age
27:29 Double-Bit Axe
29:23 Wheelbarrow
32:22 Fishing Lines
CK.Leighton
3:23 Loom
14:17 Feudal Age
16:29 Forging
16:53 Double-Bit Axe
17:06 Gold Mining
22:06 Castle Age
23:27 Medium Warships
23:11 Fletching
23:58 Iron Casting
26:26 Horse Collar
28:23 Bow Saw
33:45 Wheelbarrow
36:39 Imperial Age
35:12 Fletching
35:23 Padded Archer Armor
34:55 Elite Skirmisher
36:20 Ballistics
36:55 Bodkin Arrow
37:16 Leather Archer Armor
37:45 Bracer
39:11 Gold Shaft Mining
39:07 Stone Mining
38:38 Elite Elephant Archer
40:48 Chemistry
40:22 Ring Archer Armor
40:55 Hand Cart
doz2
13:41 Feudal Age
17:52 Castle Age
18:59 Padded Archer Armor
24:39 Loom
26:57 Wheelbarrow
26:09 Double-Bit Axe
26:05 Horse Collar
27:11 Bow Saw
28:13 Hand Cart
41:35 Imperial Age
townwaki
4:34 Loom
12:53 Feudal Age
17:06 Castle Age
15:38 Double-Bit Axe
15:48 Fletching
16:24 Fishing Lines
18:00 Bow Saw
18:03 Bodkin Arrow
28:18 Wheelbarrow
28:54 Padded Archer Armor
28:18 Elite Skirmisher
34:17 Imperial Age
32:03 Scale Barding Armor
32:10 Forging
33:22 Chain Barding Armor
33:03 Horse Collar
34:27 Iron Casting
34:16 Hand Cart
34:00 Cavalier
34:40 Husbandry
34:51 Bloodlines
35:20 Plate Barding Armor
37:33 Blast Furnace
37:06 Gillnets
36:59 Heavy Camel Rider
37:59 Savar
40:08 Gold Mining
40:08 Stone Mining
J.Dandy
7:35 Loom
13:52 Feudal Age
18:00 Castle Age
15:54 Double-Bit Axe
16:09 Gold Mining
16:04 Fishing Lines
16:49 Stone Mining
18:53 Bow Saw
20:51 Medium Warships
20:34 Fletching
24:30 Imperial Age
22:27 Bodkin Arrow
22:32 Town Watch
23:02 Scale Mail Armor
23:44 Padded Archer Armor
24:24 Ballistics
26:16 Chemistry
25:55 Thumb Ring
32:50 Wheelbarrow
32:46 Bracer
33:44 Squires
34:00 Chain Mail Armor
yake0213
4:10 Loom
14:46 Feudal Age
17:49 Fletching
18:21 Padded Archer Armor
24:39 Castle Age
25:22 Double-Bit Axe
25:35 Stone Mining
27:03 Bow Saw
28:43 Horse Collar
29:47 Heavy Plow
33:40 Gold Mining
35:23 Wheelbarrow
37:12 Ballistics
38:07 Bodkin Arrow
38:28 Leather Archer Armor
40:29 Thumb Ring
40:49 Hand Cart
41:05 Elite Skirmisher
Connection lost

Rejoining the realm…

Still unreachable

The connection could not be restored.

Session expired

The server has moved on; the page needs a fresh start.